 Dungeon Crawl Stone Soup version 0.26-b1-59-ge38874ec40 (webtiles) character file.

Game seed: 10807477087471567459

92 raceaflais the Skirmisher (level 4, -2/29 HPs)
             Began as a Gargoyle Berserker on Jan 8, 2021.
             Was a Believer of Trog.
             Killed from afar by an orc wizard (6 damage)
             ... with a magic dart
             ... on level 3 of the Dungeon.
             The game lasted 00:04:04 (2858 turns).

raceaflais the Skirmisher (Gargoyle Berserker)      Turns: 2858, Time: 00:04:05

Health: -2/29      AC: 10    Str: 22    XL:     4   Next: 60%
Magic:  4/4        EV: 12    Int:  7    God:    Trog [**....]
Gold:   67         SH:  0    Dex:  9    Spells: 3/3 levels left

rFire    . . .     SeeInvis .   a - +0 falchion
rCold    . . .     Faith    .   (no shield)
rNeg     + . .     Spirit   .   b - +0 animal skin
rPois    ∞         Reflect  .   c - +0 helmet
rElec    +         Harm     .   i - +1 cloak
rCorr    .         Rampage  .   (no gloves)
Will     .....                  g - +0 pair of boots
Stlth    +.........             (no amulet)
HPRegen  0.09/turn              (no ring)
MPRegen  0.09/turn              (no ring)

@: no status effects
A: negative energy resistance 1, electricity resistance, unbreathing,
petrification resistance, miasma immunity, AC +3
a: Renounce Religion, Berserk, Trog's Hand


You were on level 3 of the Dungeon.
You worshipped Trog.
Trog was pleased with you.
You visited 1 branch of the dungeon, and saw 3 of its levels.

You collected 67 gold pieces.

Inventory:

Hand Weapons
 a - a +0 falchion (weapon)
 k - a +0 vorpal quarterstaff
Armour
 b - a +0 animal skin (worn)
 c - a +0 helmet (worn)
 g - a +0 pair of boots (worn)
 i - a +1 cloak (worn)
Scrolls
 d - a scroll of remove curse {unknown}
 e - a scroll of amnesia {unknown}
 f - a scroll of magic mapping
 h - 2 scrolls of identify


   Skills:
 + Level 3.9 Fighting
 + Level 3.8 Long Blades
 + Level 2.3 Armour
 + Level 2.3 Dodging
 + Level 0.6 Stealth


You had 3 spell levels left.
You didn't know any spells.
Your spell library was empty.

Dungeon Overview and Level Annotations

Branches:
Dungeon (3/15)

Altars:
Hepliaklqana
Zin


Innate Abilities, Weirdness & Mutations

You are resistant to torment.
Your stone body is resilient. (AC +3)
You are immune to poison.
You resist negative energy. (rN+)
You are resistant to electric shocks. (rElec)
You can survive without breathing.
You are immune to petrification.
You are immune to miasma.


Message History

The orc wizard closely misses you.
The orc wizard points at you and mumbles some strange words.
The magic dart hits you.
The orc wizard hits you with a +0 dagger.
* * * LOW HITPOINT WARNING * * *
Things that are here:
a +2 dagger of speed; an orc corpse You hit the orc wizard.
The orc wizard is moderately wounded.
The orc wizard gestures at you while chanting.
The magic dart hits you.
* * * LOW HITPOINT WARNING * * *
The orc wizard closely misses you.
You riposte.
You barely miss the orc wizard.
The orc wizard is moderately wounded.
You closely miss the orc wizard.
The orc wizard is moderately wounded.
The orc wizard is no longer moving quickly.
The orc wizard gestures at you while chanting.
The magic dart hits you.
You die...

#.##.##.#
#.##.##..
#.##.##.##
#.#..##.##
###.#.##...##
#...#.##....# #
#§#.#.##....#.###
#§#.#(#()........
##§###.()†@....#
#§§§####..o....#
#._.# ###....##
#...# #....#
##### #......
#......[
...#.#### ##.#.#


You could see an orc wizard.

Vanquished Creatures
  A gnoll (D:1)
  A shadow imp (D:2)
  2 oozes (D:2)
  A dart slug (D:2)
  5 worms (D:2)
  2 leopard geckos (D:2)
  2 orcs (D:3)
  A ball python (D:2)
  A giant cockroach (D:1)
  10 goblins
  3 hobgoblins (D:2)
  7 kobolds
  A quokka (D:2)
  5 bats
  5 frilled lizards (D:1)
  2 rats
49 creatures vanquished.

Vanquished Creatures (others)
  A bat (D:2)
1 creature vanquished.

Grand Total: 50 creatures vanquished

Notes
Turn   | Place    | Note
-------+----------+-------------------------------------------
     0 | D:1      | raceaflais the Gargoyle Berserker began the quest for the
                  | Orb.
     0 | D:1      | Reached XP level 1. HP: 14/14 MP: 1/1
   437 | D:1      | Reached XP level 2. HP: 19/19 MP: 2/2
   921 | D:1      | Reached XP level 3. HP: 22/23 MP: 3/3
  1369 | D:2      | Reached ** piety under Trog
  1505 | D:2      | Reached XP level 4. HP: 7/29 MP: 4/4
  2612 | D:2      | Found a glowing silver altar of Zin.
  2613 | D:2      | Noticed an angel
  2727 | D:3      | Found a hazy altar of Hepliaklqana.
  2858 | D:3      | Killed from afar by an orc wizard

Illustrated notes

Levels and vault maps discovered:
D:1:      sevenhm_arrival_forest_fort_small_3, layout_basic,
          minmay_misc_feat_secret_circle, minmay_tromino_v4_b
D:2:      layout_basic, zin_angel, minivault_19
D:3:      layout_loops_ring, nzn_hepliaklqana_mist_gate,
          chequers_ecumenical_altar_island

Skill      XL: |  1  2  3 |
---------------+----------+-----
Long Blades    | 3 |  3.8
Dodging        | 2 |  2.3
Fighting       | |  3.9
Armour         | |  2.3
Stealth        | |  0.6

Action                   |  1- 3 |  4- 6 || total
-------------------------+-------+-------++-------
Melee: Falchion          |   102 |    76 ||   178
Invok: Berserk           |     1 |       ||     1
  Use: Scroll            |     1 |     3 ||     4
       Potion            |     3 |     1 ||     4
Armor: Animal skin       |    72 |    34 ||   106
Dodge: Dodged            |    97 |    71 ||   168
       Rpst.: Falchion   |    32 |    25 ||    57
